 Dungeon Crawl Stone Soup version 0.28-a0-563-gf77a47075d (webtiles) character file.

Game seed: 1519317004673671574

41398 jasper the Scribe (level 13, -10/94 HPs)
             Began as a Demonspawn Venom Mage on Sept 30, 2021.
             Was a Priest of Sif Muna.
             Killed from afar by a red draconian stormcaller (41 damage)
             ... with a searing blast
             ... on level 2 of the Abyss.
             The game lasted 00:38:18 (26968 turns).

jasper the Scribe (Demonspawn Venom Mage)          Turns: 26968, Time: 00:38:19

Health: -10/94     AC: 18    Str: 13    XL:     13   Next: 79%
Magic:  7/27       EV: 15    Int: 25    God:    Sif Muna [***...]
Gold:   891        SH:  0    Dex: 15    Spells: 12/32 levels left

rFire   . . .      SeeInvis .   D - staff of earth
rCold   + . .      Faith    .   (no shield)
rNeg    . . .      Spirit   .   r - +3 steam dragon scales of the Fletcher {rElec rCorr}
rPois   .          Reflect  .   y - +0 helmet
rElec   +          Harm     .   I - scarf {repulsion}
rCorr   +          Rampage  .   j - +1 pair of gloves
Will    +....                   (no boots)
Stlth   ++........              (no amulet)
HPRegen 0.25/turn               E - ring of protection from cold
MPRegen 0.20/turn               s - ring of Minug {Will+ AC+4 Str+5 Int+4}

@: repel missiles
A: talons 2, icy blue scales 2, foul stench 2, demonic magic 1
a: Renounce Religion, Channel Magic, Forget Spell


You were on level 2 of the Abyss.
You worshipped Sif Muna.
Sif Muna was most pleased with you.
You visited 3 branches of the dungeon, and saw 19 of its levels.
You visited the Abyss 1 time.

You collected 891 gold pieces.

Inventory:

Hand Weapons
 d - a +0 short sword
 m - a +4 trident of venom
Missiles
 b - 368 stones
 e - 31 poisoned darts
 f - 3 boomerangs
Armour
 a - a +0 robe
 j - a +1 pair of gloves (worn)
 r - the +3 steam dragon scales of the Fletcher (worn) {rElec rCorr}
   (You found it on level 1 of the Lair of Beasts)

   rElec:     It insulates you from electricity.
   rCorr:     It protects you from acid and corrosion.
 u - +0 steam dragon scales
 x - a +0 buckler
 y - a +0 helmet (worn)
 H - a +0 troll leather armour
 I - a scarf of repulsion (worn)
Magical Staves
 D - a staff of earth (weapon)
Jewellery
 k - a ring of magical power
 s - the ring of Minug (right hand) {Will+ AC+4 Str+5 Int+4}
   (You found it on level 2 of the Lair of Beasts)

   [ring of protection]

   AC:        It affects your AC (+4).
   Str:       It affects your strength (+5).
   Int:       It affects your intelligence (+4).
   Will:      It increases your willpower.
 B - a ring of protection from fire
 E - a ring of protection from cold (left hand)
Wands
 q - a wand of paralysis (8)
 t - a wand of charming (1)
 v - a wand of polymorph (22)
 A - a wand of digging (6)
 Q - a wand of flame (20)
Scrolls
 c - 3 scrolls of enchant armour
 g - 3 scrolls of amnesia
 l - a scroll of fear
 n - 4 scrolls of fog
 p - 7 scrolls of immolation
 K - a scroll of magic mapping
 L - a scroll of blinking
 N - 2 scrolls of vulnerability
 P - a scroll of enchant weapon
 R - a scroll of identify
Potions
 h - 2 potions of flight
 i - 6 potions of attraction
 o - 2 potions of resistance
 w - a potion of haste
 z - 3 potions of ambrosia
 C - a potion of might
 F - 3 potions of brilliance
 G - a potion of magic
 J - 4 potions of lignification


   Skills:
 + Level 6.5 Fighting
 + Level 6.3 Dodging
 - Level 1.7 Stealth
 - Level 4.0 Shields
 - Level 10.0 Spellcasting
 - Level 9.5 Conjurations
 - Level 6.0 Summonings
 - Level 3.2 Necromancy
 - Level 2.0 Transmutations
 - Level 3.3 Air Magic
 - Level 8.1 Earth Magic
 - Level 8.1 Poison Magic
 - Level 12.2 Invocations


You had 12 spell levels left.
You knew the following spells:

 Your Spells              Type           Power      Damage    Failure   Level
a - Sting                 Tmut/Pois      100%       1d8       1%          1
b - Mephitic Cloud        Conj/Pois/Air  47%        N/A       1%          3
c - Olgreb's Toxic Radia  Pois           52%        N/A       1%          4
d - Animate Skeleton      Necr           56%        N/A       1%          1
e - Lehudib's Crystal Sp  Conj/Erth      35%        10d9      100%        8
f - Stone Arrow           Conj/Erth      100%       3d13      1%          3

Your spell library contained the following spells:

 Spells                   Type           Power      Damage    Failure   Level
 Foxfire                  Conj/Fire      100%       2x1d9     1%          1
 Magic Dart               Conj           100%       1d8       1%          1
 Pain                     Necr           100%       1d9       1%          1
 Call Imp                 Summ           42%        N/A       1%          2
 Poisonous Vapours        Pois/Air       82%        N/A       1%          2
 Animate Armour           Summ/Erth      100%       N/A       2%          4
 Freeze                   Ice            48%        1d7       4%          1
 Vampiric Draining        Necr           14%        2d8       4%          3
 Hailstorm                Conj/Ice       36%        3d9       7%          4
 Slow                     Hex            12%        N/A       8%          2
 Confusing Touch          Hex            12%        N/A       14%         3
 Frozen Ramparts          Ice            24%        1d4       14%         3
 Agony                    Necr           28%        N/A       36%         5
 Excruciating Wounds      Necr           14%        N/A       36%         5
 Cause Fear               Hex            6%         N/A       43%         4
 Dragon Form              Tmut           11%        N/A       100%        7
 Dragon's Call            Summ           21%        N/A       100%        9


Dungeon Overview and Level Annotations

Branches:
Dungeon (12/15)            Temple (0/1) D:6            Lair (6/6) D:9
  Swamp (0/4) Lair:4       Spider (0/4) Lair:4          Orc (1/2) D:11
  Slime: Lair:5-6

Altars:
Ashenzari
Elyvilon
Hepliaklqana
Makhleb
Nemelex Xobeh
Okawaru
Sif Muna
Trog
Uskayaw
Vehumet
The Shining One
Ignis

Shops:
D:5 (   D:9 (

Annotations:
Lair:3 Maimakterion's ghost, journeyman DsFE
Orc:1 Sonja


Innate Abilities, Weirdness & Mutations

You have razor-sharp toenails.
You are mostly covered in icy blue scales. (AC +3)
You sometimes emit foul miasma when damaged in melee.
Spells you cast may paralyse adjacent enemies.


Message History

You take 1 damage, and have 68/94 hp.
Something hits you but does no damage.
You see here 22 stones.
A worldbinder comes into view.
You are suddenly pulled into a different region of the Abyss!
Found 24 gold pieces.
Found a gateway leading deeper into the Abyss.
You start resting.
A red draconian stormcaller comes into view.
It is wielding a +0 dagger.
You regained 5 hp, and now have 73/94 hp.
You regained 3 mp, and now have 11/27 mp.
Casting: Olgreb's Toxic Radiance (mildly dangerous; 1% risk of failure)
Confirm with . or Enter, or press ? or * to list all spells.
You begin to radiate toxic energy.
The red draconian stormcaller roars!
The red draconian stormcaller is poisoned.
Malevolent energies surge around you.
You now have 9/27 mp.
The red draconian stormcaller mumbles some strange prayers to Qazlal against you.
The blast of rubble hits you!!!
You take 45 damage, and have 30/94 hp.
MASSIVE DAMAGE!!
Your toxic aura wanes.
Okay, then.
Casting: Olgreb's Toxic Radiance (mildly dangerous; 1% risk of failure)
Confirm with . or Enter, or press ? or * to list all spells.
Okay, then.
Casting: Olgreb's Toxic Radiance (mildly dangerous; 1% risk of failure)
Confirm with . or Enter, or press ? or * to list all spells.
Aiming: Mephitic Cloud (safe; 1% risk of failure)
Press: ? - help, Shift-Dir - straight line The ball explodes into a vile cloud!
The stinking cloud engulfs the red draconian stormcaller but does no damage.
The red draconian stormcaller is lightly wounded.
Malevolent energies surge around you.
The red draconian stormcaller is engulfed in noxious fumes.
You now have 6/27 mp.
The red draconian stormcaller is engulfed in noxious fumes.
The red draconian stormcaller breathes fire at you.
The searing blast hits you!!!
You die...

#......##
##........
#........###
##.........##
.........#..#
....#.......#
.........#.###
........@....#
.#........#.##
##......##.#
##.........#
##.....§§#.##
#......q§§.#
.......§§§##
#........##
#..........#


You could see a red draconian stormcaller (poisoned, catching breath).

Vanquished Creatures
  Josephine (Lair:5)
  2 hydras
  A boulder beetle (Lair:3)
  Erolcha (Orc:1)
  2 two-headed ogres
  A catoblepas (Lair:5)
  Urug (Lair:2)
  8 death yaks
  2 bog bodies (Lair:4)
  Pikel (D:7)
  A necromancer (Lair:5)
  2 wolf spiders
  A moth of wrath (D:9)
  A manticore (D:11)
  7 elephants
  5 black mambas
  A torpor snail (Lair:1)
  9 cane toads
  Joseph (D:7)
  An unseen horror (D:11)
  4 komodo dragons
  5 rime drakes (Lair:1)
  A jumping spider (Lair:4)
  4 hornets
  A troll (D:11)
  5 blink frogs (Lair:4)
  4 dream sheep (Lair:6)
  A redback (Lair:4)
  2 spriggans (Lair:3)
  4 wraiths
  2 shadows (D:9)
  A vampire (D:11)
  32 yaks
  18 fire elementals
  3 wyverns
  Eustachio (D:6)
  4 fire bats (D:10)
  2 basilisks (Lair:1)
  4 vampire mosquitoes
  A steam dragon (D:7)
  4 acid dragons
  12 water moccasins
  4 orc warriors
  An ice beast (D:5)
  A boggart (Lair:3)
  A sky beast (D:7)
  3 ogres
  A necrophage (D:5)
  A black bear (Lair:5)
  5 wolves
  5 centaurs
  2 lemures (D:7)
  A wyvern zombie (D:7)
  3 scorpions
  2 gnoll sergeants
  11 bullfrogs
  11 killer bees
  17 wights
  4 electric eels
  A jelly (D:5)
  A bullfrog zombie (D:6)
  2 hounds
  A bullfrog skeleton (D:5)
  5 orc priests
  A centaur skeleton (D:4)
  2 iguanas
  5 orc wizards
  2 polar bear simulacra (Lair:5)
  A killer bee zombie (D:8)
  A yak simulacrum (Lair:5)
  A mummy (D:8)
  7 gnolls
  8 adders
  2 white imps (D:6)
  5 worms
  6 dart slugs
  26 orcs
  9 ball pythons
  5 endoplasms
  2 giant cockroaches
  4 goblins
  9 hobgoblins
  8 jackals
  5 kobolds
  8 quokkas
  2 bats (D:1)
  3 frilled lizards
  2 hobgoblin zombies (D:8)
  2 kobold zombies (D:8)
  11 rats
  8 river rat simulacra (Lair:5)
392 creatures vanquished.

Vanquished Creatures (collateral kills)
  2 vampire mosquitoes
2 creatures vanquished.

Vanquished Creatures (others)
  2 elephants (Lair:2)
  180 foxfires
  27 fungi
  31 plants
240 creatures vanquished.

Grand Total: 634 creatures vanquished

Notes
Turn   | Place    | Note
-------+----------+-------------------------------------------
     0 | D:1      | jasper the Demonspawn Venom Mage began the quest for the
                  | Orb.
     0 | D:1      | Reached XP level 1. HP: 13/13 MP: 3/3
    37 | D:1      | Reached skill level 1 in Transmutations
   431 | D:1      | Gained mutation: You are partially covered in icy blue
                  | scales. (AC +2) [demonic ancestry]
   431 | D:1      | Reached XP level 2. HP: 19/19 MP: 1/5
  1014 | D:1      | Reached XP level 3. HP: 24/24 MP: 2/6
  1018 | D:1      | Learned a level 3 spell: Mephitic Cloud
  1398 | D:1      | Found a faded altar of an unknown god.
  1520 | D:1      | Became a worshipper of Ignis, the Dying Flame
  2392 | D:2      | Reached skill level 1 in Conjurations
  2392 | D:2      | Reached skill level 1 in Air Magic
  2590 | D:2      | Reached XP level 4. HP: 30/30 MP: 3/7
  3515 | D:3      | Reached XP level 5. HP: 24/35 MP: 3/8
  3630 | D:3      | Learned a level 4 spell: Olgreb's Toxic Radiance
  4606 | D:4      | Gained mutation: You have sharp toenails. [demonic
                  | ancestry]
  4606 | D:4      | Reached XP level 6. HP: 18/41 MP: 2/9
  4609 | D:4      | Learned a level 1 spell: Animate Skeleton
  4974 | D:4      | You fall into a shaft and drop 1 floor!
  4974 | D:5      | Entered Level 5 of the Dungeon
  5080 | D:5      | Reached skill level 5 in Poison Magic
  5396 | D:5      | Reached XP level 7. HP: 9/46 MP: 7/10
  5693 | D:5      | Identified the +1 ring mail "Vebuun" {Str+4}
  6555 | D:5      | Found Maqewaung's Antique Weapon Shop.
  6934 | D:6      | HP: 1/41 [wight (15)]
  7369 | D:6      | Gained mutation: You may rarely emit foul miasma when
                  | damaged in melee. [demonic ancestry]
  7369 | D:6      | Reached XP level 8. HP: 52/52 MP: 8/11
  7372 | D:6      | Reached skill level 1 in Necromancy
  7636 | D:6      | Found a staircase to the Ecumenical Temple.
  7658 | D:6      | Noticed Eustachio
  7724 | D:6      | Killed Eustachio
  7725 | D:6      | Reached skill level 1 in Fighting
  8811 | D:7      | Noticed Pikel
  8841 | D:7      | Killed Pikel
  8842 | D:7      | Reached skill level 5 in Spellcasting
  8842 | D:7      | Gained mutation: Spells you cast may paralyse adjacent
                  | enemies. [demonic ancestry]
  8842 | D:7      | Reached XP level 9. HP: 57/64 MP: 2/16
  9175 | D:7      | Noticed Joseph
  9226 | D:7      | Killed Joseph
 10303 | D:8      | Found a shimmering blue altar of Sif Muna.
 10374 | D:8      | Found a flagged portal.
 10722 | D:8      | Found a sparkling altar of Nemelex Xobeh.
 11059 | D:8      | Reached skill level 5 in Fighting
 11059 | D:8      | Reached skill level 5 in Dodging
 11059 | D:8      | Gained mutation: You are mostly covered in icy blue scales.
                  | (AC +3) [demonic ancestry]
 11059 | D:8      | Reached XP level 10. HP: 74/74 MP: 16/20
 11587 | D:9      | Found a staircase to the Lair.
 11637 | D:9      | Found a hazy altar of Hepliaklqana.
 12018 | D:9      | Found a radiant altar of Vehumet.
 12019 | D:9      | Found an iron altar of Okawaru.
 12020 | D:9      | Found a hide-covered altar of Uskayaw.
 12085 | D:9      | Found Downu's Weapon Emporium.
 12183 | D:9      | Noticed a moth of wrath
 12186 | D:9      | Found a bloodstained altar of Trog.
 12207 | D:9      | Killed a moth of wrath
 12503 | D:9      | Learned a level 9 spell: Dragon's Call
 12548 | D:9      | Reached skill level 1 in Summonings
 12832 | D:10     | Entered Level 10 of the Dungeon
 12881 | D:10     | Found a broken altar of Ashenzari.
 13415 | D:10     | Noticed a two-headed ogre
 13442 | D:10     | Killed a two-headed ogre
 13443 | D:10     | Reached skill level 5 in Summonings
 14139 | D:10     | Gained mutation: You have razor-sharp toenails. [demonic
                  | ancestry]
 14139 | D:10     | Reached XP level 11. HP: 43/81 MP: 23/23
 14314 | D:10     | Found a burning altar of Makhleb.
 14509 | D:10     | Learned a level 3 spell: Stone Arrow
 14729 | D:10     | Reached skill level 1 in Earth Magic
 15007 | D:11     | Found a staircase to the Orcish Mines.
 15548 | D:11     | Reached skill level 5 in Conjurations
 16271 | D:11     | Found a faded altar of an unknown god.
 16272 | D:11     | Found a hazy altar of Hepliaklqana.
 16405 | D:8      | Fell from the grace of Ignis
 16405 | D:8      | Became a worshipper of Sif Muna the Loreminder
 16413 | D:8      | Got Sif Muna's Reference Book on Confrontation
 16428 | Lair:1   | Entered Level 1 of the Lair of Beasts
 16871 | D:9      | HP: 2/81 [fire elemental[the fiery vengeance of Ignis]
                  | (10)]
 18686 | Lair:1   | Reached skill level 5 in Earth Magic
 18931 | Lair:1   | Identified the +3 steam dragon scales of the Fletcher
                  | {rElec rCorr}
 19313 | Lair:2   | Identified the ring of Minug {Will+ AC+4 Str+5 Int+4}
 19326 | Lair:2   | Learned a level 8 spell: Lehudib's Crystal Spear
 19352 | Lair:2   | Was forgiven by Ignis
 19388 | Lair:2   | Reached XP level 12. HP: 73/88 MP: 2/24
 20074 | Lair:2   | Noticed Urug
 20103 | Lair:2   | Killed Urug
 20857 | Lair:3   | Noticed a boulder beetle
 20870 | Lair:3   | Killed a boulder beetle
 21039 | Lair:3   | Reached * piety under Sif Muna
 21273 | Lair:3   | Noticed a death yak
 21274 | Lair:3   | Noticed a death yak
 21279 | Lair:3   | Noticed a death yak
 21297 | Lair:3   | Killed a death yak
 21339 | Lair:3   | Killed a death yak
 21340 | Lair:3   | Killed a death yak
 21757 | Lair:3   | Found a runed translucent door.
 21789 | Lair:3   | Identified the +6 spear of Evil {venom, rElec Dex+4}
 21790 | Lair:3   | Noticed Maimakterion's ghost (journeyman DsFE)
 22208 | Lair:4   | Noticed a four-headed hydra
 22442 | Lair:4   | Reached skill level 10 in Spellcasting
 22615 | Lair:4   | Reached skill level 2 in Invocations
 22756 | Lair:4   | Found a staircase to the Swamp.
 22768 | Lair:4   | Reached skill level 3 in Invocations
 22791 | Lair:4   | Reached skill level 4 in Invocations
 22795 | Lair:4   | Reached skill level 5 in Invocations
 23003 | Lair:4   | Killed a four-headed hydra
 23004 | Lair:4   | Reached skill level 6 in Invocations
 23004 | Lair:4   | Gained mutation: You sometimes emit foul miasma when
                  | damaged in melee. [demonic ancestry]
 23004 | Lair:4   | Reached XP level 13. HP: 93/93 MP: 12/27
 23238 | Lair:4   | Reached skill level 7 in Invocations
 23268 | Lair:4   | Reached ** piety under Sif Muna
 23473 | Lair:4   | Identified the +3 halberd of Tetrog {flame, *Rage Will+
                  | Dex+5}
 23715 | Lair:4   | Reached skill level 8 in Invocations
 23780 | Lair:4   | Found a hole to the Spider Nest.
 24199 | Lair:5   | Reached skill level 9 in Invocations
 24210 | Lair:5   | Reached skill level 10 in Invocations
 24507 | Lair:5   | Reached skill level 11 in Invocations
 25028 | Lair:5   | Reached skill level 12 in Invocations
 25412 | Lair:5   | Reached skill level 1 in Shields
 25792 | Lair:5   | Noticed Josephine
 25803 | Lair:5   | Killed Josephine
 26551 | Lair:6   | Entered Level 6 of the Lair of Beasts
 26564 | Lair:6   | Reached *** piety under Sif Muna
 26868 | Orc:1    | Entered Level 1 of the Orcish Mines
 26868 | Orc:1    | Noticed Erolcha
 26874 | Orc:1    | Killed Erolcha
 26878 | Orc:1    | Noticed Sonja
 26883 | Orc:1    | Cast into level 2 of the Abyss (Sonja)
 26957 | Abyss:2  | Noticed a red draconian stormcaller
 26968 | Abyss:2  | Killed from afar by a red draconian stormcaller

Illustrated notes

Levels and vault maps discovered:
D:1:      minmay_arrival_doors, layout_loops_ring,
          shapermc_ecumenical_altar_mp_vishouse
D:2:      layout_basic, corexii_item_surrounded_by_moat
D:3:      layout_basic
D:4:      layout_loops_ring, gammafunk_temple_overflow_pools,
          serial_co_window_serial, co_window_corner_a, co_window_corner_a,
          co_window_corner_a, co_window_paths_b, co_window_paths_b,
          co_window_paths_a, co_window_corner_a, co_window_paths_a,
          co_window_corner_a, co_window_corner_ca, co_window_corner_cb,
          co_window_corner_b, co_window_paths_c, co_window_paths_c,
          co_window_4corner_b, co_window_paths_e, glass_columns_b,
          glass_columns_a, glass_columns_c, glass_columns_a, glass_columns_a,
          enter_ossuary_3, serial_shops, shop
D:5:      layout_loops_ring, serial_shops, nicolae_lakefront_shop
D:6:      layout_basic, tso_oasis_becter, minmay_temple_entry_glassed_door,
          item_on_display_b, uniq_eustachio
D:7:      layout_rooms, serial_glass, glass_columns_c, glass_columns_b,
          uniq_pikel, uniq_joseph
D:8:      layout_loops_corners, nemelex_diamond_rough_becter, led_sif_book,
          enter_bailey_2, minmay_mini_ossuary
D:9:      layout_loops_ring, mainiacjoe_overflow_catwalk, kennysheep_mini_moat,
          tgw_trog, eat_drink_and_be_merry_uskayaw,
          mainiacjoe_overflow_divided_tiny, serial_shops, nicolae_lakefront_shop
D:10:     layout_stronghold, overflow_temple_1_default, lightli_temple_of_fire,
          serial_bayou, serial_bayou_shore_b, serial_bayou_pond_a,
          serial_bayou_shore_b, serial_bayou_pond_b, hangedman_incinerator
D:11:     layout_cave_pods, david_orc_3, beargit_hepliaklqana_dungeon_heroes
D:12:     layout_roguey, uniq_snorg, uniq_psyche, uniq_frances, uniq_nergalle
Lair:1:   layout_small_grid, hellmonk_guarded_unrand_zhor
Lair:2:   layout_gridlike, uniq_urug
Lair:3:   layout_chaotic_city, ebering_ghost_funeral_grove,
          hangedman_lair_unloving_vines
Lair:4:   layout_misc_corridors, skrybe_swamp_entry_bodies,
          spider_nest_entry_funnel_web, serial_bayou_ford_a
Lair:5:   layout_cellular_growth, nicolae_volcano_entry_lava_flow,
          eino_house_with_fridge, serial_bayou_shore_b,
          infiniplex_staircase_pool, uniq_josephine
Lair:6:   due_jungle_book, layout_layer_cave, nicolae_slime_entry_slimehenge,
          chequers_serial_rivers_small_a, minivault_11,
          grunt_forest_large_clearings
Orc:1:    layout_caves, uniq_sonja, uniq_erolcha
Abyss:2:  base:
D:13

Skill      XL: |  1  2  3  4  5  6  7  8  9 10 11 12 13 |
---------------+----------------------------------------+-----
Transmutations | 1 2 |  2.0
Conjurations   | 1 2 3 7 9 |  9.5
Air Magic      | 1 2 3 |  3.3
Poison Magic   | 4 5 8 |  8.1
Necromancy     | 3 |  3.2
Dodging        | 3 5 6 |  6.3
Fighting       | 3 5 6 |  6.5
Spellcasting   | 5 7 8 10 | 10.0
Summonings     | 6 |  6.0
Earth Magic    | 6 8 |  8.1
Invocations    | 6 12 | 12.2
Shields        | 4 |  4.0
Stealth        | |  1.7

Action                   |  1- 3 |  4- 6 |  7- 9 | 10-12 | 13-15 || total
-------------------------+-------+-------+-------+-------+-------++-------
Melee: Unarmed           |    11 |       |       |       |       ||    11
       Short sword       |    32 |     4 |       |       |       ||    36
       Trident           |       |    33 |    96 |   150 |       ||   279
       Kick              |       |     5 |    29 |    56 |     4 ||    94
       Staff             |       |       |       |    56 |    20 ||    76
Throw: Stone             |       |       |       |       |     1 ||     1
 Cast: Sting             |    84 |   113 |    77 |    17 |       ||   291
       Olgreb's Toxic Ra |       |     3 |    28 |    84 |    48 ||   163
       Animate Skeleton  |       |     1 |       |       |       ||     1
       Stone Arrow       |       |       |       |   172 |    79 ||   251
       Mephitic Cloud    |       |       |       |       |     1 ||     1
Invok: Foxfire Swarm     |       |       |     8 |     3 |       ||    11
Evoke: Wand              |       |       |     5 |    14 |     5 ||    24
  Use: Potion            |     1 |       |     5 |    11 |     5 ||    22
       Scroll            |       |     6 |     8 |    15 |     5 ||    34
 Stab: Sleeping          |       |     1 |     1 |       |       ||     2
       Paralysed         |       |       |       |    19 |       ||    19
Armor: Robe              |    18 |    18 |    24 |       |       ||    60
       Steam dragon scal |       |       |    42 |   124 |    70 ||   236
       Skin              |       |       |       |       |     2 ||     2
Dodge: Dodged            |    66 |    50 |   141 |   222 |    73 ||   552
       Repelled          |       |       |       |     4 |     1 ||     5

Table legend: (Time is in decaauts)
 A = Elapsed time spent in this place.
 B = Non-inter-level travel time spent in this place.
 C = Inter-level travel time spent in this place.
 D = Time resting spent in this place.
 E = Time spent auto-exploring this place.
 F = Levels seen in this place.
 G = Mean time per level.
                   A        B        C        D        E       F      G
               +--------+--------+--------+--------+--------+-----+--------+
         Total |  27127 |  26200 |    927 |   4116 |  18432 |  20 | 1356.3 |
       Dungeon |  17548 |  16930 |    618 |   2488 |  11988 |  12 | 1462.3 |
          Lair |   9479 |   9171 |    308 |   1576 |   6444 |   6 | 1579.8 |
  Orcish Mines |     15 |     15 |      0 |      0 |      0 |   1 |   15.0 |
         Abyss |     84 |     84 |      0 |     52 |      0 |   1 |   84.0 |
               +--------+--------+--------+--------+--------+-----+--------+

Top non-repeatable levels by time:
  Lair:5: 2561 daAuts
     D:8: 2169 daAuts
    D:10: 2081 daAuts
  Lair:1: 1840 daAuts
  Lair:4: 1834 daAuts
     D:7: 1833 daAuts
  Lair:3: 1822 daAuts
     D:6: 1706 daAuts
     D:5: 1702 daAuts
     D:9: 1567 daAuts
     D:1: 1548 daAuts
     D:2: 1546 daAuts
    D:11: 1501 daAuts
  Lair:2: 1406 daAuts
     D:3: 1209 daAuts
